 Dungeon Crawl Stone Soup version 0.23.0 (webtiles) character file.

Game seed: 10142189171955271787

21790 espenoss the Thaumaturge (level 12, -1/95 HPs)
             Began as a Gnoll Skald on Feb 7, 2019.
             Was a High Priest of Makhleb.
             Slain by an ettin
             ... wielding a +0 dire flail
              (31 damage)
             ... on level 2 of the Orcish Mines on Feb 11, 2019.
             The game lasted 00:57:31 (13987 turns).

espenoss the Thaumaturge (Gnoll Skald)             Turns: 13987, Time: 00:57:31

Health: -1/95      AC: 12    Str: 14    XL:     12   Next: 93%
Magic:  25/25      EV: 18    Int: 20    God:    Makhleb [*****.]
Gold:   572        SH:  0    Dex: 23    Spells: 15/29 levels left

rFire    . . .     SeeInvis +   s - +8 falchion of the Oracle {elec, Dex+4 Stlth+}
rCold    . . .     Gourm    .   (no shield)
rNeg     + + +     Faith    .   O - +3 ring mail of Agoraphobia {+Blink rElec Int+4}
rPois    .         Spirit   .   (no helmet)
rElec    +         Reflect  .   E - +0 cloak
rCorr    .         Harm     .   (no gloves)
MR       .....     Rnd*Tele +   c - +0 pair of boots
Stlth    ++++++....             (no amulet)
HPRegen  0.25/turn              w - ring of protection from magic
MPRegen  0.19/turn              o - ring "Wipe" {*Tele rN+++ MR- SInv Stlth+}

@: no status effects
A: distributed training, fangs 1, strong nose
a: Minor Destruction, Lesser Servant of Makhleb, Major Destruction, Greater
Servant of Makhleb, Renounce Religion, Evoke Blink


You were on level 2 of the Orcish Mines.
You worshipped Makhleb.
Makhleb was extremely pleased with you.
You were not hungry.

You visited 4 branches of the dungeon, and saw 17 of its levels.
You also visited: Bailey.

You collected 890 gold pieces.
You spent 318 gold pieces at shops.

Inventory:

Hand Weapons
 a - a +1 spear
 s - the +8 falchion of the Oracle (weapon) {elec, Dex+4 Stlth+}
   (You found it on level 4 of the Dungeon)

   Occasionally, upon striking a foe, it will discharge some electrical energy
   and cause terrible harm.
   It affects your dexterity (+4).
   It makes you more stealthy.
 v - the cursed +3 hunting sling "Elobex" {freeze, +Inv Str+3 Int+5 Dex-3}
   (You found it on level 4 of the Dungeon)

   It causes projectiles fired from it to freeze those they strike, causing
   extra injury to most foes and up to half again as much damage against
   particularly susceptible opponents.
   They can also slow down cold-blooded creatures.
   It affects your strength (+3).
   It affects your intelligence (+5).
   It affects your dexterity (-3).
   It lets you turn invisible.
   It has a curse placed upon it.
 J - a +4 war axe of freezing
 N - the +2 shortbow "Zatepp" {flame, +Fly rF- Str+2}
   (You found it on level 9 of the Dungeon)

   It causes projectiles fired from it to burn those they strike, causing extra
   injury to most foes and up to half again as much damage against particularly
   susceptible opponents.
   It affects your strength (+2).
   It makes you vulnerable to fire.
   It lets you fly.
 X - a +0 blowgun
Missiles
 V - 148 arrows
 Y - 10 curare-tipped needles
Armour
 b - a +0 leather armour
 c - a +0 pair of boots (worn)
 E - a +0 cloak (worn)
 L - a +1 robe of the Archmagi
 O - the +3 ring mail of Agoraphobia (worn) {+Blink rElec Int+4}
   (You found it on level 9 of the Dungeon)

   It affects your intelligence (+4).
   It insulates you from electricity.
   It lets you blink.
Magical Staves
 B - an uncursed staff of fire
Jewellery
 o - the ring "Wipe" (right hand) {*Tele rN+++ MR- SInv Stlth+}
   (You found it on level 9 of the Dungeon)

   [ring of teleportation]

   It may teleport you next to monsters.
   It renders you almost immune to negative energy.
   It affects your resistance to hostile enchantments.
   It lets you see invisible.
   It makes you more stealthy.
 p - an uncursed amulet of guardian spirit
 w - a ring of protection from magic (left hand)
 z - an uncursed ring of flight
Wands
 h - a wand of disintegration (33)
 t - a wand of flame (21)
 H - a wand of iceblast (8)
 M - a wand of paralysis (3)
 R - a wand of acid (15)
 T - a wand of enslavement (4)
 W - a wand of clouds (5)
Scrolls
 f - 8 scrolls of teleportation
 g - 2 scrolls of blinking
 i - 2 scrolls of enchant weapon
 k - a scroll of magic mapping {unknown}
 m - 2 scrolls of amnesia
 q - 6 scrolls of remove curse
 u - a scroll of acquirement {unknown}
 x - a scroll of vulnerability {unknown}
 y - a scroll of fear {unknown}
 C - a scroll of fog {unknown}
 F - 4 scrolls of identify
 K - a scroll of noise {unknown}
 P - 2 scrolls of summoning
 U - a scroll of torment {unknown}
Potions
 e - a potion of brilliance
 j - a potion of invisibility {unknown}
 l - a potion of cancellation {unknown}
 n - 5 potions of curing
 r - 2 potions of heal wounds
 A - a potion of ambrosia {unknown}
 D - a potion of haste
 G - a potion of might {unknown}
 I - a potion of flight
Miscellaneous
 S - a phantom mirror
Comestibles
 d - 27 rations
 Q - 11 chunks of flesh


   Skills:
 + Level 9.0 Fighting
 + Level 7.6 Short Blades
 + Level 7.6 Long Blades
 + Level 7.6 Axes
 + Level 7.6 Maces & Flails
 + Level 9.0 Polearms
 + Level 7.6 Staves
 + Level 7.6 Slings
 + Level 7.6 Bows
 + Level 7.6 Crossbows
 + Level 7.6 Throwing
 + Level 8.1 Armour
 + Level 9.0 Dodging
 + Level 7.6 Stealth
 + Level 7.6 Shields
 + Level 7.6 Unarmed Combat
 + Level 9.2 Spellcasting
 + Level 6.3 Conjurations
 + Level 6.3 Hexes
 + Level 8.4 Charms
 + Level 6.3 Summonings
 + Level 6.3 Necromancy
 + Level 6.3 Translocations
 + Level 6.3 Transmutations
 + Level 6.3 Fire Magic
 + Level 6.3 Ice Magic
 + Level 6.3 Air Magic
 + Level 6.3 Earth Magic
 + Level 6.3 Poison Magic
 + Level 8.3 Invocations
 + Level 7.6 Evocations


You had 15 spell levels left.
You knew the following spells:

 Your Spells              Type           Power        Failure   Level  Hunger
a - Infusion              Chrm           ####         1%          1    None
b - Song of Slaying       Chrm           #####...     1%          2    None
c - Shroud of Golubria    Chrm/Tloc      #####.....   1%          2    None
d - Regeneration          Chrm/Necr      #####.....   1%          3    None
e - Spectral Weapon       Hex/Chrm       #####...     1%          3    None
f - Magic Dart            Conj           ####         1%          1    None
g - Swiftness             Chrm/Air       #####...     1%          2    None

Your spell library contained the following spells:

 Spells                   Type           Power        Failure   Level  Hunger
 Freeze                   Ice            ####         1%          1    None
 Shock                    Conj/Air       ####         1%          1    None
 Searing Ray              Conj           ####..       1%          2    None
 Throw Frost              Conj/Ice       ####..       1%          2    None
 Ozocubu's Armour         Chrm/Ice       #####...     1%          3    None
 Dazzling Spray           Conj/Hex       ####..       3%          3    None
 Static Discharge         Conj/Air       ####....     3%          3    None
 Airstrike                Air            ####......   10%         4    ###....
 Force Lance              Conj/Tloc      ####....     10%         4    ###....
 Fulminant Prism          Conj/Hex       ####......   10%         4    ###....
 Iskenderun's Mystic Bla  Conj           ####....     10%         4    ###....
 Summon Ice Beast         Ice/Summ       ####....     10%         4    ###....
 Throw Icicle             Conj/Ice       ####....     10%         4    ###....
 Lightning Bolt           Conj/Air       ####......   28%         5    #####..


Dungeon Overview and Level Annotations

Branches:
Dungeon (13/15)            Temple (1/1) D:5            Lair (1/6) D:8
    Orc (2/2) D:12
    Elf: Orc:2       Vaults: D:13-14

Altars:
Ashenzari
Cheibriados
Dithmenos
Elyvilon
Fedhas
Gozag
Hepliaklqana
Kikubaaqudgha
Makhleb
Nemelex Xobeh
Okawaru
Qazlal
Ru
Sif Muna
Trog
Uskayaw
Vehumet
Wu Jian
Xom
Yredelemnul
Zin
The Shining One
Lugonu

Shops:
D:6 [   D:7 }   D:10 *%%%   D:12 !


Innate Abilities, Weirdness & Mutations

Your experience applies equally to all skills.
You have very sharp teeth.
Your uncanny sense of smell can sniff out nearby items.


Message History

An ettin comes into view. It is wielding two +0 dire flails.
Found 28 gold pieces.
There is a stone staircase leading up here.
Found 44 gold pieces.
The ettin shouts in stereo!
You barely miss the ettin.
Casting: Song of Slaying (safe; 1% risk of failure)
Confirm with . or Enter, or press ? or * to list all spells.
Space distorts slightly along a thin shroud covering your body.
The ettin hits you with a +0 dire flail!
Your shroud falls apart!
The ettin hits you with a +0 dire flail!!!
The ettin hits you with a +0 dire flail!
* * * LOW HITPOINT WARNING * * *
The ettin closely misses you.
Found a stone staircase leading up.
Found 18 gold pieces.
There is a stone staircase leading up here.
The ettin hits you with a +0 dire flail!!
You die...

.. #.. #.## ....##...
#... .....#.... ...
...........#..##
..........#....###
.......#.#.........#
........$............
..............@#
........##.....C###
..................##
......#............#
....................#
..#..............#.##
.................###
..................#
.......<..###.#....#


You could see an ettin.

Vanquished Creatures
  A stone giant (Orc:1)
  2 hydras
  3 two-headed ogres
  Sonja (D:13)
  3 unseen horrors
  Pikel (D:5)
  2 cyclopes (D:13)
  Psyche (D:12)
  A spiny frog (Lair:1)
  A kobold demonologist (D:13)
  2 komodo dragons
  5 trolls
  A slime creature (D:9)
  6 hippogriffs
  A shadow (D:10)
  A spriggan (D:7)
  A wraith (D:13)
  A vampire (D:12)
  3 yaks (Lair:1)
  A hungry ghost (D:8)
  3 vampire mosquitoes (D:13)
  A warg (Orc:1)
  An acid dragon (D:13)
  6 porcupines
  4 black bears
  9 orc warriors
  An ice beast (D:8)
  4 sky beasts
  3 phantoms
  3 eyes of draining
  6 ogres
  12 centaurs
  2 crocodiles
  3 big kobolds
  7 bullfrogs
  A wyvern zombie (D:12)
  7 scorpions
  2 wyvern skeletons
  4 wights (D:9)
  10 killer bees
  4 howler monkeys
  3 crimson imps
  3 hounds
  5 jellies
  7 orc priests
  A centaur zombie (D:10)
  A gnoll shaman (D:8)
  5 centaur skeletons
  3 bullfrog skeletons
  5 iguanas
  Natasha (twice) (D:2)
  15 orc wizards
  14 worker ants
  A hound zombie (D:10)
  4 hound skeletons
  A howler monkey zombie (D:5)
  2 worker ant zombies
  12 gnolls
  10 adders
  3 shadow imps
  A white imp (D:6)
  2 oozes
  3 adder skeletons
  A worm (D:2)
  3 dart slugs (D:1)
  2 leopard geckos
  52 orcs
  A ball python (D:2)
  4 bats
  6 giant cockroaches
  14 goblins
  14 hobgoblins
  11 jackals
  7 quokkas
  6 frilled lizards
  A goblin skeleton (D:6)
  A goblin zombie (D:6)
  A hobgoblin zombie (D:6)
  3 jackal skeletons
  24 kobolds
  A kobold zombie (D:6)
  3 orc skeletons (D:6)
  2 orc zombies (D:6)
  A quokka skeleton (D:9)
  9 rats
401 creatures vanquished.

Vanquished Creatures (others)
  2 orcs (D:5)
  2 fungi (D:8)
  5 spectral weapons
9 creatures vanquished.

Grand Total: 410 creatures vanquished

Notes
Turn   | Place    | Note
-------+----------+-------------------------------------------
     0 | D:1      | espenoss the Gnoll Skald began the quest for the Orb.
     0 | D:1      | Reached XP level 1. HP: 20/20 MP: 6/6
   241 | D:1      | Reached XP level 2. HP: 26/26 MP: 3/7
   245 | D:1      | Learned a level 2 spell: Song of Slaying
   248 | D:1      | Learned a level 2 spell: Shroud of Golubria
   545 | D:1      | Reached XP level 3. HP: 21/31 MP: 0/9
   654 | D:1      | Reached skill level 5 in Spellcasting
  1021 | D:2      | Reached skill level 1 in Invocations
  1033 | D:1      | Learned a level 3 spell: Regeneration
  1037 | D:1      | Learned a level 3 spell: Spectral Weapon
  1265 | D:2      | Reached skill level 1 in Short Blades
  1265 | D:2      | Reached skill level 1 in Long Blades
  1265 | D:2      | Reached skill level 1 in Axes
  1265 | D:2      | Reached skill level 1 in Maces & Flails
  1265 | D:2      | Reached skill level 1 in Staves
  1265 | D:2      | Reached skill level 1 in Slings
  1265 | D:2      | Reached skill level 1 in Bows
  1265 | D:2      | Reached skill level 1 in Crossbows
  1265 | D:2      | Reached skill level 1 in Throwing
  1265 | D:2      | Reached skill level 1 in Stealth
  1265 | D:2      | Reached skill level 1 in Shields
  1265 | D:2      | Reached skill level 1 in Unarmed Combat
  1265 | D:2      | Reached skill level 1 in Evocations
  1305 | D:2      | Reached XP level 4. HP: 38/38 MP: 6/11
  1389 | D:2      | Noticed Natasha
  1397 | D:2      | Killed Natasha
  1397 | D:2      | Reached skill level 1 in Conjurations
  1397 | D:2      | Reached skill level 1 in Hexes
  1397 | D:2      | Reached skill level 1 in Summonings
  1397 | D:2      | Reached skill level 1 in Necromancy
  1397 | D:2      | Reached skill level 1 in Translocations
  1397 | D:2      | Reached skill level 1 in Transmutations
  1397 | D:2      | Reached skill level 1 in Fire Magic
  1397 | D:2      | Reached skill level 1 in Ice Magic
  1397 | D:2      | Reached skill level 1 in Air Magic
  1397 | D:2      | Reached skill level 1 in Earth Magic
  1397 | D:2      | Reached skill level 1 in Poison Magic
  1713 | D:2      | Reached XP level 5. HP: 43/43 MP: 12/12
  1729 | D:2      | Noticed Natasha
  1742 | D:2      | Killed Natasha
  2221 | D:3      | Reached XP level 6. HP: 28/50 MP: 7/13
  2768 | D:4      | Reached skill level 5 in Fighting
  2768 | D:4      | Reached skill level 5 in Polearms
  2768 | D:4      | Reached skill level 5 in Dodging
  2944 | D:4      | Got a crude falchion
  3073 | D:4      | Found a shadowy altar of Dithmenos.
  3104 | D:4      | Found a basalt altar of Yredelemnul.
  3105 | D:4      | Found a radiant altar of Vehumet.
  3236 | D:4      | Got a translucent hunting sling
  3252 | D:4      | Reached XP level 7. HP: 56/56 MP: 10/15
  3301 | D:4      | Found a deep blue altar of Sif Muna.
  3422 | D:4      | Identified the +8 falchion of the Oracle {elec, Dex+4
                  | Stlth+} (You found it on level 4 of the Dungeon)
  3429 | D:4      | Identified the cursed +3 hunting sling "Elobex" {freeze,
                  | +Inv Str+3 Int+5 Dex-3} (You found it on level 4 of the
                  | Dungeon)
  3454 | D:5      | Entered Level 5 of the Dungeon
  3495 | D:5      | Found a bloodstained altar of Trog.
  3667 | D:5      | Noticed Pikel
  3670 | D:5      | Killed Pikel
  3670 | D:5      | Reached XP level 8. HP: 63/63 MP: 12/16
  3854 | D:5      | Found a staircase to the Ecumenical Temple.
  3863 | Temple   | Entered the Ecumenical Temple
  3915 | Temple   | Became a worshipper of Makhleb the Destroyer
  5083 | D:6      | Found a sacrificial altar of Ru.
  5086 | D:6      | Found a snail-covered altar of Cheibriados.
  5089 | D:6      | Found a hide-covered altar of Uskayaw.
  5092 | D:6      | Found a bloodstained altar of Trog.
  5119 | D:6      | Found a glowing golden altar of the Shining One.
  5124 | D:6      | Reached XP level 9. HP: 60/69 MP: 18/18
  5143 | D:6      | Reached * piety under Makhleb
  5625 | D:6      | Found Cadwaur's Armour Boutique.
  6107 | D:7      | Found Hodege's Gadget Shoppe.
  6334 | D:7      | Found an iron altar of Okawaru.
  6536 | D:7      | Reached skill level 5 in Armour
  6914 | D:7      | Reached skill level 5 in Invocations
  7321 | D:8      | Reached XP level 10. HP: 66/77 MP: 20/20
  7392 | D:8      | Reached ** piety under Makhleb
  7651 | D:8      | Found a white marble altar of Elyvilon.
  7693 | D:8      | Reached skill level 5 in Short Blades
  7693 | D:8      | Reached skill level 5 in Long Blades
  7693 | D:8      | Reached skill level 5 in Axes
  7693 | D:8      | Reached skill level 5 in Maces & Flails
  7693 | D:8      | Reached skill level 5 in Staves
  7693 | D:8      | Reached skill level 5 in Slings
  7693 | D:8      | Reached skill level 5 in Bows
  7693 | D:8      | Reached skill level 5 in Crossbows
  7693 | D:8      | Reached skill level 5 in Throwing
  7693 | D:8      | Reached skill level 5 in Stealth
  7693 | D:8      | Reached skill level 5 in Shields
  7693 | D:8      | Reached skill level 5 in Unarmed Combat
  7693 | D:8      | Reached skill level 5 in Evocations
  7712 | D:8      | Upgraded the game from 0.23-b1-75-g379dba2534 to
                  | 0.23-b1-86-gba62f8e092
  8027 | D:8      | Found a staircase to the Lair.
  8102 | Lair:1   | Entered Level 1 of the Lair of Beasts
  8114 | Lair:1   | Noticed a spiny frog
  8121 | Lair:1   | Killed a spiny frog
  8125 | Lair:1   | Noticed an eight-headed hydra
  8664 | D:9      | Found a burning altar of Makhleb.
  8789 | D:9      | Reached XP level 11. HP: 30/84 MP: 13/22
  8825 | D:9      | Found a stormy altar of Qazlal.
  9027 | D:9      | Noticed a two-headed ogre
  9040 | D:9      | Killed a two-headed ogre
  9049 | D:9      | Reached *** piety under Makhleb
  9156 | D:9      | Found a flagged portal.
  9170 | Bailey   | Entered a bailey
  9175 | Bailey   | Noticed an orc warlord
  9218 | Bailey   | Noticed an orc knight
  9605 | D:9      | Reached skill level 5 in Conjurations
  9605 | D:9      | Reached skill level 5 in Hexes
  9605 | D:9      | Reached skill level 5 in Summonings
  9605 | D:9      | Reached skill level 5 in Necromancy
  9605 | D:9      | Reached skill level 5 in Translocations
  9605 | D:9      | Reached skill level 5 in Transmutations
  9605 | D:9      | Reached skill level 5 in Fire Magic
  9605 | D:9      | Reached skill level 5 in Ice Magic
  9605 | D:9      | Reached skill level 5 in Air Magic
  9605 | D:9      | Reached skill level 5 in Earth Magic
  9605 | D:9      | Reached skill level 5 in Poison Magic
  9869 | D:9      | Got a fine silver ring
  9870 | D:9      | Got a brightly glowing shortbow
  9870 | D:9      | Got a smoking ring mail
  9969 | D:10     | Entered Level 10 of the Dungeon
  9999 | D:10     | Found Goxinkett's Assorted Antiques.
 10003 | D:10     | Bought a scroll of identify for 60 gold pieces
 10003 | D:10     | Bought a scroll of identify for 60 gold pieces
 10026 | D:9      | Identified the ring "Wipe" {*Tele rN+++ MR- SInv Stlth+}
                  | (You found it on level 9 of the Dungeon)
 10027 | D:9      | Identified the +3 ring mail of Agoraphobia {+Blink rElec
                  | Int+4} (You found it on level 9 of the Dungeon)
 10040 | D:9      | Learned a level 1 spell: Magic Dart
 10043 | D:9      | Learned a level 2 spell: Swiftness
 10156 | D:10     | Found Zexaism's Food Shop.
 10163 | D:10     | Found Vugaesuq's Food Shop.
 10211 | D:10     | Reached **** piety under Makhleb
 10393 | D:10     | Found an iron altar of Okawaru.
 10580 | D:10     | Found Dimm's Food Emporium.
 10681 | D:11     | Noticed an unseen horror
 10691 | D:11     | Killed an unseen horror
 10855 | D:11     | Killed an unseen horror
 11501 | D:11     | Found a sparkling altar of Nemelex Xobeh.
 11531 | D:11     | Noticed a six-headed hydra
 11545 | D:11     | Noticed a two-headed ogre
 11545 | D:11     | Noticed a two-headed ogre
 11551 | D:11     | Killed a six-headed hydra
 11560 | D:11     | Killed a two-headed ogre
 11560 | D:11     | Reached XP level 12. HP: 80/93 MP: 20/24
 11575 | D:11     | Killed a two-headed ogre
 11903 | D:12     | Identified the +2 shortbow "Zatepp" {flame, +Fly rF- Str+2}
                  | (You found it on level 9 of the Dungeon)
 11914 | D:12     | Found a staircase to the Orcish Mines.
 11998 | D:12     | Noticed Psyche
 12005 | D:12     | Killed Psyche
 12337 | D:12     | Found a corrupted altar of Lugonu.
 12550 | D:12     | Found Betesonk's Distillery.
 12558 | D:12     | Bought a potion of lignification for 54 gold pieces
 12558 | D:12     | Bought a potion of mutation for 144 gold pieces
 13032 | D:13     | Reached ***** piety under Makhleb
 13234 | D:13     | Noticed a six-headed hydra
 13272 | D:13     | Killed a six-headed hydra
 13487 | D:13     | Noticed Sonja
 13493 | D:13     | Killed Sonja
 13752 | Orc:1    | Entered Level 1 of the Orcish Mines
 13755 | Orc:1    | Noticed a stone giant
 13768 | Orc:1    | Killed a stone giant
 13774 | Orc:1    | Upgraded the game from 0.23-b1-86-gba62f8e092 to 0.23.0
 13968 | Orc:2    | Entered Level 2 of the Orcish Mines
 13968 | Orc:2    | Noticed an ettin
 13987 | Orc:2    | Slain by an ettin

Skill      XL: |  1  2  3  4  5  6  7  8  9 10 11 12 |
---------------+-------------------------------------+-----
Spellcasting   | 5 6 7 8 9 |  9.2
Invocations    | 1 2 3 4 5 6 7 8 |  8.3
Short Blades   | 1 2 3 4 5 6 7 |  7.6
Long Blades    | 1 2 3 4 5 6 7 |  7.6
Axes           | 1 2 3 4 5 6 7 |  7.6
Maces & Flails | 1 2 3 4 5 6 7 |  7.6
Staves         | 1 2 3 4 5 6 7 |  7.6
Slings         | 1 2 3 4 5 6 7 |  7.6
Bows           | 1 2 3 4 5 6 7 |  7.6
Crossbows      | 1 2 3 4 5 6 7 |  7.6
Throwing       | 1 2 3 4 5 6 7 |  7.6
Stealth        | 1 2 3 4 5 6 7 |  7.6
Shields        | 1 2 3 4 5 6 7 |  7.6
Unarmed Combat | 1 2 3 4 5 6 7 |  7.6
Evocations     | 1 2 3 4 5 6 7 |  7.6
Conjurations   | 1 2 3 4 5 6 |  6.3
Hexes          | 1 2 3 4 5 6 |  6.3
Summonings     | 1 2 3 4 5 6 |  6.3
Necromancy     | 1 2 3 4 5 6 |  6.3
Translocations | 1 2 3 4 5 6 |  6.3
Transmutations | 1 2 3 4 5 6 |  6.3
Fire Magic     | 1 2 3 4 5 6 |  6.3
Ice Magic      | 1 2 3 4 5 6 |  6.3
Air Magic      | 1 2 3 4 5 6 |  6.3
Earth Magic    | 1 2 3 4 5 6 |  6.3
Poison Magic   | 1 2 3 4 5 6 |  6.3
Armour         | 3 4 5 6 7 8 |  8.1
Fighting       | 5 6 7 8 9 |  9.0
Polearms       | 5 6 7 8 9 |  9.0
Dodging        | 5 6 7 8 9 |  9.0
Charms         | 6 7 8 |  8.4

Action                   |  1- 3 |  4- 6 |  7- 9 | 10-12 || total
-------------------------+-------+-------+-------+-------++-------
Melee: Spear             |   104 |   175 |    10 |       ||   289
       Bite              |     4 |    16 |    23 |    71 ||   114
       Punch             |       |     1 |     1 |    19 ||    21
       Falchion          |       |       |   171 |   516 ||   687
 Cast: Infusion          |    18 |    16 |     1 |       ||    35
       Spectral Weapon   |       |     2 |     5 |    14 ||    21
       Song of Slaying   |       |     2 |     1 |     7 ||    10
       Shroud of Golubri |       |     4 |     1 |     4 ||     9
       Regeneration      |       |       |     1 |     5 ||     6
Invok: Minor Destruction |       |       |       |    19 ||    19
       Major Destruction |       |       |       |     1 ||     1
       Lesser Servant of |       |       |       |     1 ||     1
 Abil: Evoke Blink       |       |       |       |     2 ||     2
Evoke: Wand              |       |       |       |     1 ||     1
  Use: Scroll            |       |     1 |     7 |     5 ||    13
       Potion            |       |       |     1 |     6 ||     7
 Stab: Sleeping          |     1 |     3 |    12 |    34 ||    50
       Distracted        |     1 |       |       |     6 ||     7
  Eat: Chunk             |     1 |     7 |    13 |    21 ||    42
       Ration            |       |       |       |     1 ||     1
Armor: Leather armour    |    10 |    28 |    18 |    28 ||    84
       Ring mail         |       |       |       |   134 ||   134
Dodge: Dodged            |    34 |    88 |   154 |   487 ||   763
       Rpst.: Falchion   |       |       |    45 |   118 ||   163
